AoeStats
← Mirk

Arena

508699659Analyzed
4v4 RM · 9d ago on Sep 23, 2026· 40m 54s· 8 players
Game mode
Random Map
Map size
Large (8 player)
Population
200
Speed
Normal
Resources
Standard
Victory
Conquest
Starting age
Dark Age
Ending age
Imperial Age
RankedLock teamsTeams togetherTeam positionsShared explorationLock speedFull tech treeHidden civsTurbo modeCheats
Victory
Defeat
🇭🇺 Mongols · Hungary
1123
+15
🇩🇪 Spanish · Germany
1122
+15
🇩🇪 Vikings · Germany
1087
+17
1039
+19
🇹🇷 Turks · Türkiye
1144
-18
🇨🇦 Bengalis · Canada
1118
-17
🇹🇷 Danes · Türkiye
1106
-17
🇪🇨 Berbers · Ecuador
1050
-14
7shuttlecock
10:20 Feudal Age
13:54 Castle Age
12:00 Double-Bit Axe
12:15 Horse Collar
19:51 Heavy Plow
20:53 Bow Saw
20:57 Gold Mining
22:01 Stone Mining
22:33 Town Watch
23:57 Scale Mail Armor
24:57 Squires
24:43 Arson
25:37 Chain Mail Armor
25:45 Forging
28:12 Imperial Age
26:44 Fletching
27:18 Ballistics
27:50 Bodkin Arrow
28:38 Iron Casting
29:56 Plate Mail Armor
29:43 Bracer
30:53 Chemistry
30:55 Gold Shaft Mining
30:11 Elite Varangian Guard
32:16 Two-Man Saw
31:59 Conscription
31:52 Loom
33:14 Chieftains
34:37 Blast Furnace
36:56 Crop Rotation
37:11 Padded Archer Armor
38:21 Hoardings
37:29 Treadmill Crane
37:45 Murder Holes
38:06 Masonry
40:52 Leather Archer Armor
Sirto
10:46 Feudal Age
15:29 Castle Age
14:12 Double-Bit Axe
14:30 Horse Collar
14:42 Loom
16:21 Bow Saw
23:24 Bloodlines
24:38 Husbandry
27:13 Wheelbarrow
27:57 Scale Barding Armor
29:07 Hand Cart
33:21 Imperial Age
31:53 Chain Barding Armor
33:58 Cavalier
36:16 Plate Barding Armor
37:10 Forging
38:32 Arrowslits
39:55 Chemistry
38:23 Light Cavalry
40:09 Iron Casting
40:19 Paladin
41:39 Conscription
Mirk
10:35 Feudal Age
12:05 Double-Bit Axe
15:33 Castle Age
13:50 Horse Collar
23:03 Wheelbarrow
22:16 Loom
22:59 Heavy Plow
23:18 Bow Saw
29:01 Imperial Age
26:39 Fletching
27:16 Bodkin Arrow
28:08 Murder Holes
28:34 Ballistics
28:17 Padded Archer Armor
28:58 Hand Cart
32:19 Bracer
32:43 Masonry
34:07 Chemistry
34:17 Gold Mining
34:18 Stone Mining
36:11 Gold Shaft Mining
36:13 Stone Shaft Mining
36:34 Leather Archer Armor
36:57 Elite Mangudai
38:59 Siege Engineers
39:12 Forging
39:08 Scale Barding Armor
39:22 Light Cavalry
40:13 Bloodlines
40:03 Husbandry
Prof. Dr. Abuzer KÖMÜRCÜ
9:06 Feudal Age
15:17 Castle Age
13:24 Double-Bit Axe
13:48 Horse Collar
24:36 Chemistry
29:11 Imperial Age
26:27 Loom
27:29 Fletching
27:43 Padded Archer Armor
28:06 Ballistics
28:41 Leather Archer Armor
30:44 Ring Archer Armor
30:10 Fletching
32:03 Bodkin Arrow
32:38 Elite Skirmisher
33:05 Houfnice
34:18 Bracer
38:35 Scale Mail Armor
38:45 Forging
39:46 Pikeman
† Yatugrat †
10:03 Feudal Age
13:52 Castle Age
21:17 Imperial Age
21:25 Double-Bit Axe
21:22 Horse Collar
32:07 Elite Genitour
33:21 Parthian Tactics
33:01 Padded Archer Armor
32:51 Fletching
35:54 Leather Archer Armor
35:35 Bodkin Arrow
35:49 Thumb Ring
36:27 Bow Saw
36:26 Heavy Cavalry Archer
İştirakî
13:11 Feudal Age
13:38 Horse Collar
13:45 Double-Bit Axe
18:28 Castle Age
19:33 Bow Saw
19:26 Heavy Plow
22:23 Wheelbarrow
22:03 Fletching
23:30 Forging
26:10 Padded Archer Armor
26:58 Scale Mail Armor
26:57 Gold Mining
27:51 Scale Barding Armor
28:22 Bodkin Arrow
28:34 Stone Mining
29:29 Leather Archer Armor
29:26 Squires
30:52 Chain Barding Armor
32:28 Hand Cart
33:08 Iron Casting
32:49 Chain Mail Armor
33:31 Gold Shaft Mining
32:52 Arson
32:46 Elite Skirmisher
36:33 Ballistics
38:46 Imperial Age
37:08 Hamask
40:15 Conscription
39:59 Bracer
41:02 Chemistry
vince.dion123
10:55 Feudal Age
15:44 Castle Age
13:48 Double-Bit Axe
13:45 Horse Collar
20:53 Wheelbarrow
20:22 Heavy Plow
20:36 Bow Saw
28:11 Imperial Age
25:38 Gold Mining
25:38 Stone Mining
26:58 Bloodlines
26:49 Husbandry
26:57 Scale Barding Armor
27:02 Forging
27:32 Loom
27:36 Town Watch
28:32 Gold Shaft Mining
29:45 Chain Barding Armor
30:01 Iron Casting
32:23 Hand Cart
32:11 Town Patrol
33:10 Ballistics
33:07 Elite Battle Elephant
34:49 Blast Furnace
34:27 Plate Barding Armor
35:35 Crop Rotation
36:39 Blast Furnace
35:51 Murder Holes
36:13 Fletching
36:24 Padded Archer Armor
35:50 Elite Elephant Archer
37:27 Fortified Wall
37:46 Bodkin Arrow
39:27 Bracer
39:28 Padded Archer Armor
Bry.D
5:04 Loom
10:22 Feudal Age
14:51 Castle Age
13:04 Double-Bit Axe
15:56 Bow Saw
17:55 Horse Collar
21:42 Wheelbarrow
22:09 Treadmill Crane
23:00 Kasbah
25:26 Hand Cart
25:22 Heavy Plow
28:11 Fletching
33:13 Bodkin Arrow
34:45 Town Watch
36:14 Ballistics
38:41 Imperial Age
38:52 Scale Barding Armor
39:53 Bloodlines
39:43 Husbandry
39:04 Light Cavalry
39:13 Cavalier
39:16 Heavy Camel Rider
40:19 Chain Barding Armor
40:09 Forging
40:19 Chain Barding Armor
40:09 Forging
39:59 Bracer
Connection lost

Rejoining the realm…

Still unreachable

The connection could not be restored.

Session expired

The server has moved on; the page needs a fresh start.